 Dungeon Crawl Stone Soup version 0.28.0-53-g5a82cb258f (webtiles) character file.

Game seed: 418516773530534146

103 quokkamancerX the Chopper (level 4, -2/39 HPs)
             Began as a Hill Orc Fighter on May 30, 2022.
             Slain by an ogre
             ... wielding a +0 giant spiked club
              (20 damage)
             ... on level 2 of the Dungeon.
             The game lasted 00:02:06 (1196 turns).

quokkamancerX the Chopper (Hill Orc Fighter)        Turns: 1196, Time: 00:02:07

Health: -2/39      AC:  9    Str: 20    XL:     4   Next: 79%
Magic:  4/4        EV:  9    Int:  8    God:
Gold:   37         SH:  4    Dex: 10    Spells: 3/3 levels left

rFire   . . .      SeeInvis .   a - +0 war axe
rCold   . . .      Faith    .   c - +0 buckler
rNeg    . . .      Spirit   .   b - +0 scale mail
rPois   .          Reflect  .   (no helmet)
rElec   .          Harm     .   g - +1 cloak
rCorr   .          Rampage  .   (no gloves)
Will    .....                   (no boots)
Stlth   ..........              (no amulet)
HPRegen 0.13/turn               (no ring)
MPRegen 0.09/turn               (no ring)

@: no status effects
A: no striking features
a: no special abilities


You were on level 2 of the Dungeon.
You visited 1 branch of the dungeon, and saw 2 of its levels.

You collected 37 gold pieces.

Inventory:

Hand Weapons
 a - a +0 war axe (weapon)
Armour
 b - a +0 scale mail (worn)
 c - a +0 buckler (worn)
 g - a +1 cloak (worn)
Wands
 l - a wand of flame (9)
Scrolls
 f - a scroll of noise {unknown}
 h - a scroll of teleportation
 j - 2 scrolls of amnesia {unknown}
 k - a scroll of torment {unknown}
Potions
 d - a potion of might
 e - a potion of curing {unknown}
 i - a potion of ambrosia {unknown}
 m - 2 potions of lignification {unknown}


   Skills:
 - Level 3.6 Fighting
 + Level 6.4 Axes
 - Level 3.2 Armour
 - Level 3.2 Shields


You had 3 spell levels left.
You didn't know any spells.
Your spell library contained the following spells:

 Spells                   Type           Power      Damage    Failure   Level
 Blink                    Tloc           0%         N/A       94%         2
 Lesser Beckoning         Tloc           0%         N/A       99%         3
 Manifold Assault         Tloc           0%         N/A       100%        5


Dungeon Overview and Level Annotations

Branches:
Dungeon (2/15)

Altars:


Message History

l - a wand of flame (9);
m - a viscous green potion
There is an open door here.
Found a club.
You see here a +0 club.
Found a stone staircase leading down.
There is a stone staircase leading down here.
m - 2 viscous green potions (gained 1)
A hobgoblin comes into view.
The hobgoblin shouts!
The hobgoblin barely misses you. The hobgoblin barely misses you.
You barely miss the hobgoblin. The hobgoblin barely misses you.
You slash the hobgoblin!
You kill the hobgoblin!
You see here a hobgoblin corpse.
Found a short sword.
You see here a +0 short sword.
Found an embroidered robe.
You see here a +1 robe of positive energy.
Found a dagger.
An ogre comes into view. It is wielding a +0 giant spiked club.
The ogre shouts!
You see here a +0 dagger.
You block the ogre's attack.
You see here 14 gold pieces.
An ogre is nearby!
You hit the ogre but do no damage.
The ogre hits you with a +0 giant spiked club!!
Ouch! That really hurt!
You hit the ogre.
The ogre is lightly wounded.
The ogre hits you but does no damage.
You slash the ogre!
The ogre is heavily wounded.
The ogre closely misses you.
You slash the ogre!
The ogre is severely wounded.
The ogre hits you with a +0 giant spiked club!!
Ouch! That really hurt!
You die...

### #..
###########.#######
#.. .........)@O..#
#.# ######.#####.#
#<# #.# ### #.# #.#
#.# #.# #.# #.#


You could see an ogre.

Vanquished Creatures
  Natasha (thrice) (D:2)
  2 ball pythons
  5 endoplasms
  6 goblins
  3 hobgoblins
  A quokka (D:1)
  4 bats
  2 frilled lizards (D:1)
  A kobold (D:2)
27 creatures vanquished.

Vanquished Creatures (others)
  4 plants (D:1)
4 creatures vanquished.

Grand Total: 31 creatures vanquished

Notes
Turn   | Place    | Note
-------+----------+-------------------------------------------
     0 | D:1      | quokkamancerX the Hill Orc Fighter began the quest for the
                  | Orb.
     0 | D:1      | Reached XP level 1. HP: 19/19 MP: 1/1
    32 | D:1      | Reached skill level 3 in Axes
   248 | D:1      | Reached XP level 2. HP: 26/26 MP: 2/2
   453 | D:1      | Found a faded altar of an unknown god.
   465 | D:1      | Reached skill level 4 in Axes
   723 | D:2      | Reached XP level 3. HP: 31/31 MP: 3/3
   814 | D:2      | Noticed Natasha
   822 | D:2      | Killed Natasha
   823 | D:2      | Reached skill level 5 in Axes
   921 | D:2      | Noticed Natasha
   928 | D:2      | Killed Natasha
   929 | D:2      | Reached skill level 6 in Axes
   929 | D:2      | Reached XP level 4. HP: 27/39 MP: 4/4
   942 | D:2      | Noticed Natasha
   945 | D:2      | Killed Natasha
  1190 | D:2      | Noticed an ogre
  1196 | D:2      | Slain by an ogre

Illustrated notes

Levels and vault maps discovered:
D:1:      giann_bridges, layout_basic, shapermc_ecumenical_altar_mp_urbaneastern
D:2:      layout_basic, uniq_natasha

Skill      XL: |  1  2  3 |
---------------+----------+-----
Axes           | 3 4 6 |  6.4
Fighting       | |  3.6
Armour         | |  3.2
Shields        | |  3.2

Action                   |  1- 3 |  4- 6 || total
-------------------------+-------+-------++-------
Melee: War axe           |    66 |     9 ||    75
  Use: Scroll            |     1 |       ||     1
Armor: Scale mail        |    31 |     1 ||    32
Dodge: Dodged            |    25 |     6 ||    31
Block: Buckler           |    11 |     1 ||    12
